 Dungeon Sprint DCSS version 0.29.1-2-gbd0b4ee654 (webtiles) character file.

Game seed: 5442338207288394813

2214 boopmooplesden the Impaler (level 9, -6/145 HPs)
             Began as a Minotaur Berserker on Nov 29, 2022.
             Was an Elder of Trog.
             Succumbed to a death drake's dark miasma
             ... in the Dungeon (Sprint II: "The Violet Keep of Menkaure").
             The game lasted 00:02:49 (1154 turns).

boopmooplesden the Impaler (Minotaur Berserker)     Turns: 1154, Time: 00:02:50

Health: -6/145     AC: 16    Str: 26    XL:     9   Next: 13%
Magic:  8/8        EV: 11    Int:  4    God:    Trog [****..]
Gold:   87         SH:  0    Dex: 10    Spells: 8/8 levels left

rFire   . . .      SeeInvis +   l - +0 halberd (venom)
rCold   . . .      Faith    .   (shield currently unavailable)
rNeg    . . .      Spirit   .   k - +0 chain mail "Omedem" {Will++ SInv}
rPois   .          Reflect  .   j - +2 hat
rElec   .          Harm     .   (no cloak)
rCorr   .          Rampage  .   m - +2 pair of gloves
Will    ++...      NoTele   +   (no boots)
Stlth   ..........              (no amulet)
HPRegen 0.34/turn               (no ring)
MPRegen 0.11/turn               (no ring)

@: berserking, lethally poisoned (-6 -> -88), slowed
A: horns 2, retaliatory headbutt
a: Renounce Religion, Berserk, Trog's Hand, Brothers in Arms


You were in the Dungeon.
You worshipped Trog.
Trog was greatly pleased with you.
You visited 1 branch You collected 981 gold pieces.
You spent 894 gold pieces at shops.

Inventory:

Hand Weapons
 a - a +0 spear
 i - a +0 trident
 l - a +0 halberd of venom (weapon)
Armour
 b - a +0 animal skin
 j - a +2 hat (worn)
 k - the +0 chain mail "Omedem" (worn) {Will++ SInv}
   (You bought it in a shop in the Dungeon)

   SInv:      It lets you see invisible.
   Will:      It greatly increases your willpower.
 m - a +2 pair of gloves (worn)
Scrolls
 h - a scroll of blinking
Potions
 c - a potion of curing
 d - a potion of heal wounds
 e - a potion of haste
 f - 2 potions of magic
 g - a potion of berserk rage


   Skills:
 + Level 15.2 Fighting
 + Level 15.6 Polearms
 + Level 8.4 Armour
 + Level 8.7 Dodging
 + Level 1.6 Stealth


You had 8 spell levels left.
You didn't know any spells.
Your spell library was empty.

Dungeon Overview and Level Annotations

Branches:
Dungeon (1/1)

Altars:
Cheibriados
Dithmenos
Elyvilon
Hepliaklqana
Kikubaaqudgha
Makhleb
Qazlal
Ru
Sif Muna
Trog
Uskayaw
Vehumet
Wu Jian
Xom
Yredelemnul
Zin
The Shining One
Jiyva
Lugonu

Shops:
D :=!:=:[!*?([![(

Annotations:
D exclusion: oklob plant


Innate Abilities, Weirdness & Mutations

You have a pair of horns on your head.
You reflexively headbutt those who attack you in melee.


Message History

You puncture the polar bear!
The polar bear is heavily wounded.
You are engulfed in dark miasma.
You are more poisoned.
You feel yourself slow down.
You feel very sick.
You impale the polar bear!!
You kill the polar bear!
Trog accepts your kill.
You are engulfed in dark miasma.
You are more poisoned.
You feel extremely sick.
The yaktaur is engulfed in dark miasma.
The yaktaur looks even sicker.
The yaktaur wields a +0 arbalest.
The yaktaur shoots a bolt.
The bolt hits you!!
You barely miss the death drake.
You are engulfed in dark miasma.
You are more poisoned.
You feel as though you will be slow longer.
You feel extremely sick. The death drake breathes miasma at you.
The foul vapour misses you.
The yaktaur is engulfed in dark miasma.
The yaktaur looks even sicker.
The yaktaur shoots a bolt.
The bolt hits you!!
You completely miss the death drake.
You are engulfed in dark miasma.
You are more poisoned.
You feel as though you will be slow longer.
* * * LOW HITPOINT WARNING * * *
x2 You feel extremely sick.
The death drake bites you but does no damage.
You puncture the death drake!
The death drake is lightly wounded.
You are engulfed in dark miasma.
You are more poisoned.
You feel as though you will be slow longer.
* * * LOW HITPOINT WARNING * * *
x2 You feel extremely sick.
The hornet barely misses you. You furiously retaliate!
You headbutt the hornet!
The death drake bites you but does no damage.
You puncture the death drake!
The death drake is poisoned.
The death drake is moderately wounded.
You die...

+## #. 9 #.##.#### +.##k
#..# ...# .^.# ##
#.####..## #.k# $#
'###.##..# +.^# .#
.##...#..# #..# c#
<.'.#.'..####.°##y#
.##...#....###.k@##▓▓
'###.##......~~~~~~~~~~~
..####~~.....~#+########
#..#~~~~~~~..~#._._._..#
#.##~~~~~~§~.~#.._._._.#
+##~~~§≈≈§§~~~#._._._._#
~~○°~~≈≈§§§§~#_._._._.#
#'○○#~§≈≈≈≈≈≈~#._._._..#
..○°##§§≈###§≈#_._._.


You could see a death drake (very poisoned), a yaktaur (very poisoned) and a
hornet.

Vanquished Creatures
  A boulder beetle (D)
  A merfolk siren (D)
  2 polar bears (D)
  A vampire mosquito (D)
  2 water moccasins (D)
  A swamp drake (D)
  4 scorpions (D)
  4 necrophages (D)
16 creatures vanquished.

Vanquished Creatures (others)
  A boulder beetle (D)
  Menkaure (D)
2 creatures vanquished.

Grand Total: 18 creatures vanquished

Notes
Turn   | Place    | Note
-------+----------+-------------------------------------------
     0 | D        | boopmooplesden the Minotaur Berserker began the quest for
                  | the Orb.
     0 | D        | Reached XP level 1. HP: 19/19 MP: 0/0
     1 | D        | Noticed a necrophage
     1 | D        | Noticed a necrophage
     1 | D        | Noticed a necrophage
     1 | D        | Noticed a necrophage
     9 | D        | Killed a necrophage
    10 | D        | Reached XP level 2. HP: 31/31 MP: 1/1
    10 | D        | Reached XP level 3. HP: 38/38 MP: 2/2
    11 | D        | Killed a necrophage
    12 | D        | Reached XP level 4. HP: 48/48 MP: 3/3
    14 | D        | Killed a necrophage
    14 | D        | Reached ** piety under Trog
    15 | D        | Reached XP level 5. HP: 57/57 MP: 4/4
    19 | D        | Reached skill level 5 in Armour
    19 | D        | Reached skill level 5 in Dodging
    52 | D        | Noticed a boulder beetle
    52 | D        | Noticed a boulder beetle
    55 | D        | Noticed a merfolk siren
    62 | D        | Killed a merfolk siren
    63 | D        | Reached XP level 6. HP: 70/70 MP: 5/5
    63 | D        | Reached XP level 7. HP: 77/77 MP: 6/6
   178 | D        | Killed Menkaure
   278 | D        | Reached *** piety under Trog
   348 | D        | Found Jeqipp's Antique Armour Emporium.
   348 | D        | Found Sikoyn's Magic Scroll Shoppe.
   348 | D        | Found Furidit's Assorted Antiques.
   348 | D        | Found Xyidykol's Distillery.
   348 | D        | Found Pueluhol's Antique Weapon Shoppe.
   348 | D        | Found Zontetomo's Antique Armour Emporium.
   349 | D        | Found Huji's Jewellery Shoppe.
   349 | D        | Found Cuvvyef's Book Emporium.
   349 | D        | Found Hoaryus's Distillery.
   349 | D        | Found Miwnoewn's Antique Weapon Shoppe.
   350 | D        | Found Qocemug's Distillery.
   350 | D        | Found Vegutsi's Antique Armour Shoppe.
   350 | D        | Found Zimycat's Book Emporium.
   350 | D        | Found Bevuj's Jewellery Emporium.
   350 | D        | Noticed a cane toad
   358 | D        | Reached **** piety under Trog
   522 | D        | Noticed a vampire mosquito
   528 | D        | Killed a vampire mosquito
   529 | D        | Reached XP level 8. HP: 75/86 MP: 7/7
   538 | D        | Noticed a cane toad
   538 | D        | Noticed an oklob plant
   539 | D        | Found Uloawk's Book Shoppe.
   542 | D        | Bought an embroidered hat for 210 gold pieces
   542 | D        | Bought an amethyst-encrusted chain mail for 285 gold pieces
   542 | D        | Identified the +0 chain mail "Omedem" {Will++ SInv} (You
                  | bought it in a shop in the Dungeon)
   561 | D        | Bought a runed halberd for 182 gold pieces
   595 | D        | Killed a boulder beetle
   596 | D        | Reached skill level 1 in Stealth
  1108 | D        | Bought a pair of runed gloves for 217 gold pieces
  1116 | D        | Killed a boulder beetle
  1133 | D        | Found a glowing silver altar of Zin.
  1133 | D        | Found a radiant altar of Vehumet.
  1134 | D        | Found a glowing golden altar of the Shining One.
  1134 | D        | Found a basalt altar of Yredelemnul.
  1134 | D        | Found a hide-covered altar of Uskayaw.
  1135 | D        | Found a shimmering altar of Xom.
  1135 | D        | Found a bloodstained altar of Trog.
  1136 | D        | Found an ornate altar of the Wu Jian Council.
  1136 | D        | Found a shimmering blue altar of Sif Muna.
  1136 | D        | Found a corrupted altar of Lugonu.
  1136 | D        | Found a burning altar of Makhleb.
  1137 | D        | Found a sacrificial altar of Ru.
  1137 | D        | Found an ancient bone altar of Kikubaaqudgha.
  1137 | D        | Found a white marble altar of Elyvilon.
  1138 | D        | Found a stormy altar of Qazlal.
  1138 | D        | Found a viscous altar of Jiyva.
  1138 | D        | Found a shadowy altar of Dithmenos.
  1139 | D        | Found a hazy altar of Hepliaklqana.
  1139 | D        | Found a snail-covered altar of Cheibriados.
  1139 | D        | Noticed a crystal guardian
  1141 | D        | Noticed a yaktaur
  1141 | D        | Noticed a hornet
  1141 | D        | Noticed a polar bear
  1141 | D        | Noticed a polar bear
  1145 | D        | Noticed a death drake
  1146 | D        | Killed a polar bear
  1147 | D        | Reached skill level 15 in Polearms
  1148 | D        | Reached skill level 15 in Fighting
  1148 | D        | Reached XP level 9. HP: 97/97 MP: 8/8
  1148 | D        | Noticed a polar bear
  1150 | D        | Killed a polar bear
  1154 | D        | Succumbed to a death drake's dark miasma

Illustrated notes

Levels and vault maps discovered:
D:        the_violet_keep_of_menkaure [sprint2_stairs_cluster_1,
          sprint2_shoproom, sprint2_temple, sprint2_basic_supplies,
          sprint2_obstacle_3, sprint2_obstacle_6, sprint2_obstacle_2,
          sprint2_obstacle_1, sprint2_obstacle_4, sprint2_timed_cluster_1,
          sprint2_smallroom_cluster_1, sprint2_smallroom_final_cluster_1,
          sprint2_transparent_cluster_1, sprint2_second_timed_cluster_1,
          sprint2_sniper_area_1, sprint2_heavy_combat_area_1,
          sprint2_mutation_trap_area_1, sprint2_forest_area_1,
          sprint2_light_combat_area_1, sprint2_behind_water_1,
          sprint2_near_end_vault_1]

Skill      XL: |  1  2  3  4  5  6  7  8 |
---------------+-------------------------+-----
Fighting       | 6 8 9 12 13 15 | 15.2
Polearms       | 6 8 9 12 13 15 | 15.6
Armour         | 3 4 6 7 8 |  8.4
Dodging        | 3 4 6 7 8 |  8.7
Stealth        | 1 |  1.6

Action                   |  1- 3 |  4- 6 |  7- 9 || total
-------------------------+-------+-------+-------++-------
Melee: Spear             |     9 |    11 |       ||    20
       Headbutt          |     2 |     1 |     7 ||    10
       Trident           |       |       |    19 ||    19
       Punch             |       |       |     1 ||     1
       Halberd           |       |       |    29 ||    29
Invok: Berserk           |     1 |     1 |     3 ||     5
Armor: Animal skin       |       |       |     2 ||     2
       Chain mail        |       |       |     8 ||     8
Dodge: Dodged            |     2 |     4 |    26 ||    32
